 Dungeon Crawl Stone Soup version 0.30-a0-576-g89cddaab80 (webtiles) character file.

Game seed: 12057937630069885529

50 holysushi the Grave Robber (level 3, -1/16 HPs)
             Began as a Vine Stalker Necromancer on Dec 31, 2022.
             Slain by a gnoll
             ... wielding a +0 spear
              (6 damage)
             ... on level 2 of the Dungeon.
             The game lasted 00:04:12 (1425 turns).

holysushi the Grave Robber (VSNe)                   Turns: 1425, Time: 00:04:12

Health: -1/16      AC:  4    Str: 10    XL:     3   Next: 79%
Magic:  0/7        EV: 12    Int: 15    God:
Gold:   55         SH:  0    Dex: 16    Spells: 5/6 levels left

rFire   . . .      SeeInvis .    i - +4 short sword (venom)
rCold   . . .      Faith    .    (no shield)
rNeg    . . .      Spirit   +    a - +0 robe
rPois   .          Reflect  .    l - +0 helmet
rElec   .          Harm     .    (no cloak)
rCorr   .          Rampage  .    (no gloves)
Will    .....                    k - +0 pair of boots
Stlth   ++                       (no amulet)
HPRegen 0.22/turn                (no ring)
MPRegen 0.10/turn                (no ring)

@: no status effects
A: fangs 2, magic shield, antimagic bite, no potion heal 2
a: no special abilities


You were on level 2 of the Dungeon.
You visited 1 branch of the dungeon, and saw 2 of its levels.

You collected 145 gold pieces.
You spent 90 gold pieces at shops.

Inventory:

Hand Weapons
 e - a +0 dagger
 h - a +0 short sword
 i - a +4 short sword of venom (weapon)
Armour
 a - a +0 robe (worn)
 k - a +0 pair of boots (worn)
 l - a +0 helmet (worn)
Scrolls
 d - a scroll of enchant armour {unknown}
 f - a scroll of immolation {unknown}
 m - 2 scrolls of identify {unknown}
Potions
 b - a potion of magic
 c - a potion of cancellation {unknown}
 g - 3 potions of haste {unknown}
 j - a potion of curing {unknown}


   Skills:
 + Level 0.0 Fighting
 + Level 0.0 Short Blades
 + Level 1.5 Dodging
 - Level 2.4 Stealth
 - Level 2.1 Spellcasting
 - Level 5.3 Necromancy


You had 5 spell levels left.
You knew the following spells:

 Your Spells              Type           Power      Damage    Failure   Level
a - Necrotise             Necr           68%        1d7       2%          1

Your spell library contained the following spells:

 Spells                   Type           Power      Damage    Failure   Level
 Vampiric Draining        Necr           17%        2d7       8%          3
 Magic Dart               Conj           4%         1d3       22%         1
 Animate Dead             Necr           17%        N/A       24%         4
 Searing Ray              Conj           2%         2d4       32%         2
 Agony                    Necr           17%        N/A       56%         5
 Fulminant Prism          Conj/Hex       0%         3d5       91%         4


Dungeon Overview and Level Annotations

Branches:
Dungeon (2/15) Zot: 10575

Altars:

Shops:
D:2 [[


Innate Abilities, Weirdness & Mutations

You have extremely sharp teeth.
When hurt, damage is shared between your health and your magic reserves.
Your bite disrupts and absorbs the magic of your enemies.
Potions cannot restore your health.


Message History

You now have 46 gold pieces (gained 16).
You now have 55 gold pieces (gained 9).
m - a scroll labelled CEALOE VORAFF
There is a stone staircase leading down here.
m - 2 scrolls labelled CEALOE VORAFF (gained 1)
A gnoll comes into view. It is wielding a +0 spear.
A gnoll is nearby!
A gnoll is nearby!
A gnoll is nearby! 3 gnolls come into view.
The gnoll shouts! x4
The gnoll throws a throwing net.
The throwing net hits you.
You become entangled in the net!
You see here a throwing net.
You are held in a net!
You struggle against the net.
The gnoll barely misses you.
You struggle against the net.
The gnoll hits you but does no damage.
You struggle against the net.
The gnoll hits you from afar with a +0 spear.
You shred the net and break free! The gnoll hits you with a +0 club.
The gnoll barely misses you. The gnoll attacks as you move away!
The gnoll hits you but does no damage. The gnoll attacks as you move away!
The gnoll barely misses you. The gnoll barely misses you.
The gnoll attacks as you move away! The gnoll hits you with a +0 club.
Okay, then.
Casting: Necrotise (safe; 2% risk of failure)
Confirm with . or Enter, or press ? or * to list all spells.
Aiming: Necrotise (safe; 2% risk of failure)
Press: ? - help, Shift-Dir - straight line, f - gnoll
Aim: a gnoll, wielding a +0 club (chance to affect: 81%)
The gnoll writhes in agony.
The gnoll hits you with a +0 club.
Casting: Necrotise (safe; 2% risk of failure)
Confirm with . or Enter, or press ? or * to list all spells.
Aiming: Necrotise (safe; 2% risk of failure)
Press: ? - help, Shift-Dir - straight line, f/p - gnoll
Aim: a gnoll, wielding a +0 club (heavily wounded, chance to affect: 81%)
The gnoll writhes in agony.
The gnoll hits you with a +0 club.
The gnoll hits you from afar with a +0 spear!
You die...

#.<...♣...'.#..# #.#
###.#.
#........##....# #.#
#...
######..###.##.# #.#
##.. #.## #.##.# #.#
##. #.# #.##.###.##
#. #.# #.##......#
#. #.. #.#####...#
#. ### #.# #...# #.
#@# #...# #.
###g###############.
#.gg................
###g###############.
#...gg###.### #.
#####........ #.
#...gg...##.### #.
#....g....# #.
#.........# #.


You could see 4 gnolls.

Vanquished Creatures
  A dart slug (D:1)
  6 endoplasms (D:1)
  3 giant cockroaches (D:1)
  3 goblins (D:1)
  2 hobgoblins (D:1)
  6 jackals (D:1)
  2 quokkas (D:1)
  5 ball pythons
  4 bats (D:1)
  2 frilled lizards
  5 kobolds (D:1)
  2 rats
41 creatures vanquished.

Notes
Turn   | Place    | Note
-------+----------+-------------------------------------------
     0 | D:1      | holysushi the Vine Stalker Necromancer began the quest for
                  | the Orb.
     0 | D:1      | Reached XP level 1. HP: 9/9 MP: 4/4
   245 | D:1      | Reached XP level 2. HP: 13/13 MP: 4/6
   466 | D:1      | Reached XP level 3. HP: 13/16 MP: 7/7
   498 | D:1      | Reached skill level 5 in Necromancy
  1183 | D:2      | Found Selun's Armour Shop.
  1311 | D:2      | Found Fopoobi's Armour Shop.
  1327 | D:2      | Bought a +0 pair of boots for 45 gold pieces
  1327 | D:2      | Bought a +0 helmet for 45 gold pieces
  1425 | D:2      | Slain by a gnoll

Illustrated notes

Levels and vault maps discovered:
D:1:      mushboom_english_gardens, layout_loops_ring,
          wad_floor_pattern_untrapped
D:2:      layout_basic, serial_shops, shop_scrolls, shop_coins, shop,
          nicolae_shop_temple_entry_statues_fountains, nicolae_shop_trees,
          dilly_ecumenical_altar_fadedgnrine, grunt_ministairs_14,
          uniq_crazy_yiuf_cottage

Skill      XL: |  1  2  3 |
---------------+----------+-----
Necromancy     | 5 |  5.3
Dodging        | |  1.5
Stealth        | |  2.4
Spellcasting   | |  2.1

Action                   || total
-------------------------++-------
Melee: Short sword       ||    61
       Dagger            ||     8
       Bite              ||    11
       Punch             ||     1
 Cast: Necrotise         ||    41
  Use: Scroll            ||     3
 Stab: Sleeping          ||     7
Armor: Robe              ||    25
Dodge: Dodged            ||    81

Table legend: (Time is in decaauts)
 A = Elapsed time spent in this place.
 B = Non-inter-level travel time spent in this place.
 C = Inter-level travel time spent in this place.
 D = Time resting spent in this place.
 E = Time spent auto-exploring this place.
 F = Levels seen in this place.
 G = Mean time per level.
                   A        B        C        D        E       F      G
               +--------+--------+--------+--------+--------+-----+--------+
         Total |   1423 |   1333 |     90 |    253 |    662 |   2 |  711.5 |
       Dungeon |   1423 |   1333 |     90 |    253 |    662 |   2 |  711.5 |
               +--------+--------+--------+--------+--------+-----+--------+

Top non-repeatable levels by time:
     D:1: 1180 daAuts
     D:2: 242 daAuts
